 Dungeon Crawl Stone Soup version 0.29.1-2-gbd0b4ee654 (webtiles) character file.

Game seed: 2805426380058579485

196248 safid the Crack Shot (level 17, -6/160 HPs)
             Began as a Minotaur Hunter on Nov 21, 2022.
             Was the Champion of Okawaru.
             Mangled by a catoblepas (10 damage)
             ... led by Polyphemus
             ... while petrified by a catoblepas
             ... on level 4 of the Shoals on Nov 22, 2022.
             The game lasted 02:06:04 (29897 turns).

safid the Crack Shot (Minotaur Hunter)             Turns: 29897, Time: 02:06:05

Health: -6/160     AC: 21    Str: 17    XL:     17   Next: 73%
Magic:  25/25      EV:  2    Int:  2    God:    Okawaru [******]
Gold:   2949       SH:  0    Dex: 21    Spells: 16/16 levels left

rFire   + + .      SeeInvis .   l - +12 arbalest of Drought {penet, rN+ rCorr}
rCold   + + .      Faith    .   (shield currently unavailable)
rNeg    + + +      Spirit   .   Y - +1 scale mail "Maom" {rF+}
rPois   ∞          Reflect  .   v - +2 hat
rElec   +          Harm     .   D - +2 cloak
rCorr   +          Rampage  .   x - +2 pair of gloves of the Hart {rC+}
Will    ++...                   h - +1 pair of boots of the End {rPois rF+ rC+}
Stlth   +.........              f - amulet of regeneration
HPRegen 1.16/turn               T - ring "Qyusarere" {rElec rPois EV+4 Int-4}
MPRegen 0.19/turn               B - ring of willpower

@: petrified
A: horns 2, retaliatory headbutt
}: 1/15 runes: gossamer
a: Renounce Religion, Heroism, Finesse, Duel


You were on level 4 of the Shoals.
You worshipped Okawaru.
Okawaru was exalted by your worship.
You visited 5 branches of the dungeon, and saw 30 of its levels.
You also visited: Bailey and Gauntlet.

You collected 3444 gold pieces.
You spent 495 gold pieces at shops.

Inventory:

Hand Weapons
 l - the +12 arbalest of Drought (weapon) {penet, rN+ rCorr}
   (Okawaru gifted it to you on level 2 of the Orcish Mines)

   Any ammunition fired by it passes through the targets it hits, potentially
   hitting all targets in its path until it reaches maximum range.
   rN:        It protects you from negative energy.
   rCorr:     It protects you from acid and corrosion.
 n - the +7 longbow "Waujal" {flame, Int+3}
   (You acquired it in a bailey)

   Any ammunition fired from it burns those it strikes, dealing additional fire
   damage.
   Int:       It affects your intelligence (+3).
 r - a +7 triple crossbow of flaming
 M - the +2 longbow of the Heavens {venom, rPois rF+ Will+ Dex+4}
   (You acquired it on level 10 of the Dungeon)

   Any ammunition fired from it poisons the flesh of those it strikes.
   Dex:       It affects your dexterity (+4).
   rF:        It protects you from fire.
   rPois:     It protects you from poison.
   Will:      It increases your willpower.
 O - the +8 arbalest "Cotas" {flame, Fly Will+}
   (You found it on level 10 of the Dungeon)

   Any ammunition fired from it burns those it strikes, dealing additional fire
   damage.
   Fly:       It grants you flight.
   Will:      It increases your willpower.
Missiles
 d - a throwing net
 W - 4 silver javelins
Armour
 h - the +1 pair of boots of the End (worn) {rPois rF+ rC+}
   (You acquired it on level 5 of the Dungeon)

   rF:        It protects you from fire.
   rC:        It protects you from cold.
   rPois:     It protects you from poison.
 v - a +2 hat (worn)
 x - the +2 pair of gloves of the Hart (worn) {rC+}
   (Okawaru gifted it to you on level 13 of the Dungeon)

   rC:        It protects you from cold.
 D - a +2 cloak (worn)
 Y - the +1 scale mail "Maom" (worn) {rF+}
   (Okawaru gifted it to you on level 1 of the Spider Nest)

   rF:        It protects you from fire.
Jewellery
 f - an amulet of regeneration (around neck)
 u - a ring of positive energy
 B - a ring of willpower (right hand)
 E - a ring of protection from cold
 Q - a ring of protection from fire
 T - the ring "Qyusarere" (left hand) {rElec rPois EV+4 Int-4}
   (You found it in a Gauntlet)

   [ring of evasion]

   EV:        It affects your evasion (+4).
   Int:       It affects your intelligence (-4).
   rElec:     It insulates you from electricity.
   rPois:     It protects you from poison.
 U - a ring of see invisible
Wands
 b - a wand of digging (7)
 c - a wand of polymorph (20)
 k - a wand of acid (19)
 s - a wand of flame (55)
 y - a wand of iceblast (38)
 J - a wand of mindburst (15)
Scrolls
 e - a scroll of poison
 o - 18 scrolls of teleportation
 q - a scroll of blinking
 t - 3 scrolls of silence
 w - 9 scrolls of magic mapping
 A - 10 scrolls of fog
 V - 3 scrolls of fear
Potions
 g - 8 potions of lignification
 i - 4 potions of resistance
 j - 2 potions of heal wounds
 p - 2 potions of might
 z - 5 potions of mutation
 F - 2 potions of invisibility
 G - 7 potions of ambrosia
 H - 5 potions of curing
 L - 3 potions of cancellation
 S - 4 potions of haste
 Z - 4 potions of flight
Miscellaneous
 a - a condenser vane
 C - a lightning rod (4/4)
 P - a phial of floods


   Skills:
 + Level 16.8 Fighting
 + Level 24.1 Ranged Weapons
 - Level 12.0 Armour
 - Level 12.0 Dodging
 - Level 1.0 Stealth
 - Level 12.0 Invocations
 - Level 6.0 Evocations


You had 16 spell levels left.
You didn't know any spells.
Your spell library contained the following spells:

 Spells                   Type           Power      Damage    Failure   Level
 Magic Dart               Conj           0%         1d3       86%         1
 Sting                    Tmut/Pois      0%         1d3       86%         1
 Poisonous Vapours        Pois/Air       0%         N/A       94%         2
 Scorch                   Fire           0%         2d5       94%         2
 Searing Ray              Conj           0%         2d4       94%         2
 Gell's Gravitas          Tloc           0%         N/A       99%         3
 Inner Flame              Hex/Fire       0%         N/A       99%         3
 Lesser Beckoning         Tloc           0%         N/A       99%         3
 Mephitic Cloud           Conj/Pois/Air  0%         N/A       99%         3
 Portal Projectile        Hex/Tloc       0%         N/A       99%         3
 Teleport Other           Tloc           0%         N/A       99%         3
 Airstrike                Air            0%         2d(0-16)  100%        4
 Fulminant Prism          Conj/Hex       0%         3d6       100%        4
 Hailstorm                Conj/Ice       0%         3d3       100%        4
 Ice Form                 Ice/Tmut       0%         N/A       100%        4
 Iskenderun's Mystic Bla  Conj/Tloc      0%         2d3       100%        4
 Leda's Liquefaction      Hex/Erth       0%         N/A       100%        4
 Olgreb's Toxic Radiance  Pois           0%         N/A       100%        4
 Sticky Flame             Conj/Fire      0%         2d3       100%        4
 Blade Hands              Tmut           0%         N/A       100%        5
 Borgnjor's Vile Clutch   Necr/Erth      0%         N/A       100%        5
 Lee's Rapid Deconstruct  Erth           0%         3d5*      100%        5
 Lightning Bolt           Conj/Air       0%         1d11      100%        5
 Dispersal                Tloc           0%         N/A       100%        6
 Eringya's Noxious Bog    Tmut/Pois      0%         N/A       100%        6
 Statue Form              Tmut/Erth      0%         N/A       100%        6
 Borgnjor's Revivificati  Necr           0%         N/A       100%        8
 Disjunction              Tloc           0%         N/A       100%        8
 Lehudib's Crystal Spear  Conj/Erth      0%         10d2      100%        8
 Necromutation            Tmut/Necr      0%         N/A       100%        8
 Death's Door             Necr           0%         N/A       100%        9
 Call Imp                 Summ           Unusable   N/A       N/A         2
 Tukima's Dance           Hex            Unusable   N/A       N/A         3
 Animate Dead             Necr           Unusable   N/A       N/A         4
 Summon Lightning Spire   Summ/Air       Unusable   N/A       N/A         4
 Death Channel            Necr           Unusable   N/A       N/A         6
 Simulacrum               Ice/Necr       Unusable   N/A       N/A         6

Dungeon Overview and Level Annotations

Branches:
Dungeon (15/15)            Temple (0/1) D:6            Lair (5/5) D:8
 Shoals (4/4) Lair:3       Spider (4/4) Lair:3        Slime (0/5) Lair:5
    Orc (2/2) D:12            Elf (0/3) Orc:2        Vaults (0/5) D:13
 Depths (0/4) D:15         Bailey (visited)         Gauntlet (visited)

Altars:
Dithmenos
Elyvilon
Gozag
Kikubaaqudgha
Nemelex Xobeh
Okawaru
Wu Jian
Zin
The Shining One
Jiyva

Shops:
D:2 [   D:9 *   Orc:2 *[(=   Shoals:1 ?

Annotations:
D:14 2 transporters, exclusion: orange crystal statue, Roxanne; Yrchouma's ghost, journeyman PaTm
Lair:4 1 runed translucent door, Fifowuza's ghost, journeyman DrTm
Shoals:2 3 runed translucent doors
Shoals:4 Polyphemus


Innate Abilities, Weirdness & Mutations

You have a pair of horns on your head.
You reflexively headbutt those who attack you in melee.


Message History

You furiously retaliate!
You headbutt the catoblepas, but do no damage.
Polyphemus hits you. Polyphemus closely misses you. The catoblepas gores you!!
Your limbs are stiffening.
You shoot a bolt. The bolt pierces through Polyphemus!!
Polyphemus is heavily wounded.
You are engulfed in calcifying dust.
Polyphemus hits you!! Polyphemus hits you! The catoblepas barely misses you.
Polyphemus hits you!! Polyphemus hits you!
You have turned to stone.
The catoblepas gores you but does no damage.
The alligator snapping turtle bites you but does no damage.
Polyphemus hits you!! Polyphemus hits you!
The catoblepas gores you but does no damage.
Polyphemus says, "Do you like to play 'catch'?"
Polyphemus hits you! Polyphemus hits you.
The alligator snapping turtle bites you from afar!!
The catoblepas gores you. Polyphemus hits you. x2
The alligator snapping turtle bites you but does no damage.
The catoblepas gores you but does no damage.
Polyphemus barely misses you. Polyphemus hits you but does no damage.
A manticore comes into view.
The catoblepas gores you!
The alligator snapping turtle bites you from afar!!
* * * LOW HITPOINT WARNING * * *
Polyphemus hits you but does no damage. x2
The catoblepas gores you but does no damage.
The alligator snapping turtle bites you but does no damage.
Polyphemus hits you!!
* * * LOW HITPOINT WARNING * * *
Polyphemus hits you.
* * * LOW HITPOINT WARNING * * *
The catoblepas gores you.
* * * LOW HITPOINT WARNING * * *
Polyphemus hits you.
* * * LOW HITPOINT WARNING * * *
Polyphemus hits you but does no damage.
The alligator snapping turtle bites you from afar!!!
* * * LOW HITPOINT WARNING * * *
The catoblepas gores you!!
You die...

~~~~.....~# ~#
:~~..#)...##~#.
~.(........~....
...P..†.........
##............~P
#.........P..~~~
..#...tC.#.....~~~
....H...@#....~~~~
.....###Y...~P##~P
.~.....#...~~~~~~~
~....#....)~~~~#~
~........~~~#P..P
~...##P..~~~###..
~~........#~.....
~~~~~~~
~~....P...#......
.~~~~~~
~P~....P.........


You could see Polyphemus, an alligator snapping turtle, a catoblepas and a
manticore.

Vanquished Creatures
  Nikola (Shoals:3)
  Jorgrun (Orc:1)
  Mlioglotl (Arena)
  A kraken (Shoals:1)
  Gastronok (D:10)
  Kirke (Shoals:3)
  Agnes (Spider:4)
  3 ghost moths (Spider:4)
  5 emperor scorpions
  3 orc warlords (Orc:2)
  2 broodmothers (Spider:3)
  Nessos (D:15)
  An entropy weaver (Spider:2)
  A minotaur (Gauntlet)
  Azrael (D:14)
  2 spark wasps
  8 merfolk impalers
  3 fire dragons
  6 hydras
  A rakshasa (D:15)
  7 boulder beetles
  Erolcha (D:10)
  2 catoblepae
  3 radroaches
  A vault guard (D:13)
  5 centaur warriors
  A merfolk avatar (Shoals:1)
  2 jorogumos
  4 two-headed ogres
  3 satyrs
  An ice dragon (D:15)
  A ghost crab (Gauntlet)
  2 death yaks (Shoals:4)
  Erica (D:11)
  3 merfolk aquamancers
  A death scarab (Spider:3)
  An orc high priest (Orc:2)
  Amaemon (D:8)
  3 sun moths
  4 pharaoh ants
  5 skeletal warriors (D:13)
  5 steelbarb worms
  7 sea snakes
  An obsidian statue (D:10)
  A swamp dragon (Lair:5)
  10 orb spiders
  A lindwurm (Lair:3)
  5 orc knights
  14 harpies
  17 wolf spiders
  2 deep elf pyromancers (D:14)
  9 cyclopes
  4 oklob plants (Lair:5)
  22 fauns
  6 orc sorcerers
  4 ugly things (D:14)
  10 manticores
  Joseph (D:10)
  Maurice (D:8)
  4 water nymphs
  13 merfolk sirens
  5 elephants (Lair:5)
  2 torpor snails
  A guardian serpent (Lair:5)
  12 cane toads
  10 black mambas
  A cane toad (shapeshifter) (D:14)
  3 gargoyles
  An unseen horror (shapeshifter) (D:15)
  An orange demon (D:8)
  6 demonic crawlers
  A freezing wraith (D:14)
  4 rime drakes
  10 komodo dragons
  3 kobold demonologists
  An unseen horror (D:10)
  Psyche (D:12)
  17 merfolk
  A polar bear (Lair:5)
  7 trolls
  10 blink frogs
  3 wind drakes
  7 hornets
  12 tarantellas
  7 snapping turtles
  6 slime creatures (D:12)
  17 jumping spiders
  12 culicivoras
  12 water elementals
  A shadow (D:9)
  A vampire (D:13)
  A ynoxinul (Gauntlet)
  16 wyverns
  30 yaks
  4 hogs (Shoals:3)
  2 fire elementals (D:14)
  4 basilisks
  A human (Shoals:3)
  48 redbacks
  16 vampire mosquitoes
  2 steam dragons
  4 wargs
  Menkaure (D:6)
  3 swamp worms (Gauntlet)
  Duvessa (D:7)
  4 acid dragons
  3 hell hounds (D:14)
  21 water moccasins
  3 swamp drakes (Lair:5)
  A black bear (D:6)
  43 orc warriors
  An ice beast (D:6)
  10 wolves
  9 ogres
  14 centaurs
  A boggart (D:12)
  3 kobold brigands
  10 bullfrogs
  A necrophage (D:6)
  7 scorpions
  A gnoll sergeant (D:9)
  Dowan (D:7)
  4 electric eels
  7 howler monkeys
  13 orc priests
  2 quasits (D:6)
  6 hounds
  2 jellies (D:7)
  A gnoll bouda (D:6)
  4 iron imps (Gauntlet)
  9 iguanas
  Ijyb (D:3)
  20 orc wizards
  16 gnolls
  5 adders
  2 shadow imps (D:6)
  2 white imps
  2 ufetubi (D:6)
  4 worms
  2 dart slugs (D:4)
  77 orcs
  8 ball pythons
  5 bats
  2 bat zombies (D:7)
  4 endoplasms
  8 giant cockroaches
  16 goblins
  8 hobgoblins
  2 jackals (D:5)
  15 kobolds
  2 quokkas
  3 frilled lizards
  4 rats
  2 rat zombies (D:7)
  A tentacle (Shoals:1)
933 creatures vanquished.

Vanquished Creatures (others)
  A merfolk aquamancer (Shoals:4)
  An orc (Orc:1)
  6 demonic plants (D:6)
  22 fungi
  205 plants
  5 tentacles (Shoals:1)
  2 withered plants (Lair:4)
242 creatures vanquished.

Grand Total: 1175 creatures vanquished

Notes
Turn   | Place    | Note
-------+----------+-------------------------------------------
     0 | D:1      | safid the Minotaur Hunter began the quest for the Orb.
     0 | D:1      | Reached XP level 1. HP: 18/18 MP: 0/0
   111 | D:1      | Found a faded altar of an unknown god.
   166 | D:1      | Reached XP level 2. HP: 25/25 MP: 1/1
  1029 | D:2      | Reached skill level 5 in Ranged Weapons
  1029 | D:2      | Reached XP level 3. HP: 31/31 MP: 2/2
  1122 | D:2      | Found Viomoef's Armour Emporium.
  1496 | D:3      | Found an opulent altar of Gozag.
  1611 | D:3      | Reached XP level 4. HP: 40/40 MP: 3/3
  1934 | D:3      | Noticed Ijyb
  1951 | D:3      | Killed Ijyb
  1952 | D:3      | Reached XP level 5. HP: 29/47 MP: 4/4
  2470 | D:4      | Reached skill level 5 in Fighting
  2470 | D:4      | Reached skill level 6 in Ranged Weapons
  2838 | D:4      | Reached XP level 6. HP: 49/57 MP: 5/5
  3288 | D:5      | Entered Level 5 of the Dungeon
  3325 | D:5      | Reached skill level 7 in Ranged Weapons
  3387 | D:5      | Identified the +1 leather armour of Beauty {Int+4 Stlth+}
  3468 | D:5      | Reached XP level 7. HP: 59/64 MP: 6/6
  3783 | D:5      | Found a shadowy altar of Dithmenos.
  3786 | D:5      | Found an iron altar of Okawaru.
  3791 | D:5      | Became a worshipper of Warmaster Okawaru
  4068 | D:5      | Reached skill level 8 in Ranged Weapons
  4186 | D:5      | Identified a scroll of acquirement
  4187 | D:5      | Acquired the +1 pair of boots of the End {rPois rF+ rC+}
  4472 | D:6      | Reached XP level 8. HP: 72/74 MP: 7/7
  4531 | D:6      | Reached skill level 9 in Ranged Weapons
  4723 | D:6      | Reached skill level 10 in Ranged Weapons
  4735 | D:6      | Found a glowing silver altar of Zin.
  4804 | D:6      | Reached * piety under Okawaru
  4929 | D:6      | Noticed Menkaure
  4945 | D:6      | Killed Menkaure
  5032 | D:6      | Found a staircase to the Ecumenical Temple.
  5569 | D:7      | Reached skill level 11 in Ranged Weapons
  5875 | D:7      | Noticed Duvessa
  5875 | D:7      | Noticed Dowan
  5891 | D:7      | Killed Duvessa
  5891 | D:7      | Reached ** piety under Okawaru
  5896 | D:7      | Killed Dowan
  5897 | D:7      | Reached XP level 9. HP: 65/81 MP: 8/8
  6019 | D:7      | Noticed a two-headed ogre
  6155 | D:7      | Reached skill level 12 in Ranged Weapons
  6296 | D:7      | HP: 2/81 [two-headed ogre/+0 dire flail (10)]
  6299 | D:7      | Killed a two-headed ogre
  6300 | D:7      | Reached skill level 13 in Ranged Weapons
  6475 | D:7      | Found an ancient bone altar of Kikubaaqudgha.
  6838 | D:8      | Noticed Maurice
  6854 | D:8      | Killed Maurice
  6854 | D:8      | Reached *** piety under Okawaru
  6855 | D:8      | Reached skill level 14 in Ranged Weapons
  6859 | D:8      | Noticed an orange demon
  6862 | D:8      | Killed an orange demon
  6864 | D:8      | Noticed Amaemon
  6963 | D:8      | Found a staircase to the Lair.
  6978 | D:8      | Reached XP level 10. HP: 88/88 MP: 9/9
  7258 | D:8      | Killed Amaemon
  7258 | D:8      | Reached **** piety under Okawaru
  7259 | D:8      | Reached skill level 15 in Ranged Weapons
  7793 | D:9      | Noticed a two-headed ogre
  7798 | D:9      | Killed a two-headed ogre
  7844 | D:9      | Reached ***** piety under Okawaru
  7845 | D:9      | Reached skill level 16 in Ranged Weapons
  7876 | D:9      | Noticed a two-headed ogre
  7882 | D:9      | Killed a two-headed ogre
  7883 | D:9      | Reached skill level 1 in Armour
  7883 | D:9      | Reached skill level 1 in Invocations
  8044 | D:9      | Received a gift from Okawaru
  8052 | D:9      | Reached XP level 11. HP: 29/95 MP: 11/11
  8218 | D:9      | Found Hadd's Lightly-Used Armoury.
  8617 | D:10     | Entered Level 10 of the Dungeon
  8619 | D:10     | Found a flagged portal.
  8628 | Bailey   | Entered a bailey
  8843 | Bailey   | Found an iron altar of Okawaru.
  8843 | Bailey   | Noticed an orc knight
  8843 | Bailey   | Noticed an orc sorcerer
  8853 | Bailey   | Paralysed by an orc sorcerer for 2 turns
  8886 | Bailey   | Killed an orc knight
  8896 | Bailey   | Killed an orc sorcerer
  9036 | Bailey   | Received a gift from Okawaru
  9106 | Bailey   | Acquired the +7 longbow "Waujal" {flame, Int+3}
  9268 | Bailey   | Identified the +9 great mace "Eceetim Liew" {vorpal, rF+
                  | rN+ Will+++ Dex-3}
  9390 | D:10     | Noticed Erolcha
  9531 | D:10     | Noticed an obsidian statue
  9538 | D:10     | Killed Erolcha
  9539 | D:10     | Reached skill level 5 in Dodging
  9644 | D:10     | Reached skill level 5 in Armour
  9681 | D:10     | Identified the +1 quarterstaff "Ehun" {drain, rN+ Dex+4
                  | Stlth-}
  9767 | D:10     | Identified the +4 plate armour of Marbles {rCorr Stlth+}
  9870 | D:10     | Noticed Joseph
  9874 | D:10     | Killed Joseph
  9914 | D:10     | Acquired the +2 longbow of the Heavens {venom, rPois rF+
                  | Will+ Dex+4}
  9938 | D:10     | Found an ornate altar of the Wu Jian Council.
 10159 | D:10     | Noticed Gastronok
 10183 | D:10     | Killed Gastronok
 10184 | D:10     | Reached skill level 10 in Fighting
 10278 | D:10     | Noticed a soul eater
 10280 | D:10     | Noticed a sixfirhy
 10385 | D:10     | Killed an obsidian statue
 10400 | D:10     | Identified the +6 long sword of the Wasteland {spect, rC++
                  | Will- rCorr Int+4}
 10404 | D:10     | Identified the +8 arbalest "Cotas" {flame, Fly Will+}
 10506 | Lair:1   | Entered Level 1 of the Lair of Beasts
 10572 | Lair:1   | Reached skill level 17 in Ranged Weapons
 10591 | Lair:1   | Reached skill level 5 in Invocations
 10703 | Lair:1   | Reached XP level 12. HP: 99/106 MP: 14/14
 11023 | Lair:1   | Identified the +2 ring mail of Understanding {rF++}
 11384 | Lair:2   | Received a gift from Okawaru
 11969 | Lair:3   | Found a hole to the Spider Nest.
 12107 | Lair:3   | Noticed a catoblepas
 12112 | Lair:3   | Killed a catoblepas
 12186 | Lair:3   | Got the Precepts of Transmogrification
 12264 | Lair:3   | Found a staircase to the Shoals.
 12653 | Lair:4   | Found a runed translucent door.
 12654 | Lair:4   | Noticed Fifowuza's ghost (journeyman DrTm)
 12698 | Lair:4   | Reached XP level 13. HP: 117/117 MP: 17/17
 13608 | Lair:5   | Entered Level 5 of the Lair of Beasts
 13737 | Lair:5   | Reached skill level 18 in Ranged Weapons
 13744 | Lair:5   | Reached ****** piety under Okawaru
 13820 | Lair:5   | Found a viscous altar of Jiyva.
 14091 | Lair:5   | Received a gift from Okawaru
 14338 | Lair:5   | Noticed a fire dragon
 14348 | Lair:5   | Killed a fire dragon
 14764 | Lair:5   | Reached skill level 19 in Ranged Weapons
 14767 | Lair:5   | Received a gift from Okawaru
 14771 | Lair:5   | Reached skill level 10 in Invocations
 15160 | Lair:5   | Found a staircase to the Slime Pits.
 15225 | Lair:5   | Reached XP level 14. HP: 126/126 MP: 20/20
 15865 | D:11     | Noticed Erica
 15872 | D:11     | Killed Erica
 16213 | D:12     | Received a gift from Okawaru
 16214 | D:12     | Reached skill level 20 in Ranged Weapons
 16402 | D:12     | Found a staircase to the Orcish Mines.
 16580 | D:12     | Noticed Psyche
 16581 | D:12     | Killed Psyche
 17051 | Orc:1    | Entered Level 1 of the Orcish Mines
 17213 | Orc:1    | Reached skill level 21 in Ranged Weapons
 17360 | Orc:2    | Entered Level 2 of the Orcish Mines
 17411 | Orc:1    | Noticed Jorgrun
 17421 | Orc:1    | Killed Jorgrun
 17421 | Orc:1    | HP: 4/125 [orc sorcerer/bolt of negative energy (4)]
 17425 | Orc:2    | Noticed an orc warlord
 17425 | Orc:2    | Found a staircase to the Elven Halls.
 17427 | Orc:2    | HP: 1/126 [orc priest/divine providence[an orc warlord]
                  | (9)]
 17679 | Orc:2    | Noticed an orc warlord
 17707 | Orc:2    | Killed an orc warlord
 17796 | Orc:2    | Received a gift from Okawaru
 17921 | Orc:2    | Killed an orc warlord
 17960 | Orc:2    | Identified the +12 arbalest of Drought {penet, rN+ rCorr}
                  | (Okawaru gifted it to you on level 2 of the Orcish Mines)
 17960 | Orc:2    | Received a gift from Okawaru
 17962 | Orc:2    | Reached skill level 22 in Ranged Weapons
 17969 | Orc:2    | Noticed an orc warlord
 17990 | Orc:2    | Killed an orc warlord
 18044 | Orc:2    | Paralysed by an orc sorcerer for 2 turns
 18055 | Orc:2    | Reached skill level 1 in Evocations
 18072 | Orc:2    | Found Gaopp's Antique Armour Boutique.
 18103 | Orc:2    | Found Yzxeq's Jewellery Boutique.
 18280 | Orc:2    | Found Vephuadwo's Antique Weapon Boutique.
 18310 | Orc:2    | Found Must's General Store.
 18316 | Orc:2    | Bought a scroll of teleportation for 33 gold pieces
 18504 | Orc:2    | Bought a pair of ichor-stained gloves for 294 gold pieces
 18504 | Orc:2    | Identified the +0 pair of gloves "Utoini Pile" {Rampage}
                  | (You bought it in a shop on level 2 of the Orcish Mines)
 18665 | D:13     | Found a sparkling altar of Nemelex Xobeh.
 18897 | D:13     | Reached XP level 15. HP: 85/134 MP: 21/21
 18899 | D:13     | Identified the +2 pair of gloves of the Hart {rC+} (Okawaru
                  | gifted it to you on level 13 of the Dungeon)
 18899 | D:13     | Received a gift from Okawaru
 19362 | D:13     | Found a gate to the Vaults.
 19713 | D:14     | Found a gate leading to a gauntlet.
 19721 | Gauntlet | Entered a Gauntlet
 19721 | Gauntlet | Found a transporter.
 19729 | Gauntlet | Found a transporter.
 19731 | Gauntlet | Found a transporter.
 19742 | Gauntlet | Found a transporter.
 19745 | Gauntlet | Found a transporter.
 19754 | Gauntlet | Found a transporter.
 19770 | Gauntlet | Found a transporter.
 19781 | Gauntlet | Found a transporter.
 19793 | Gauntlet | Found a transporter.
 19807 | Gauntlet | Found a transporter.
 19807 | Gauntlet | Found a transporter.
 19821 | Gauntlet | Found a transporter.
 19842 | Gauntlet | Found a transporter.
 19842 | Gauntlet | Found a transporter.
 20093 | Gauntlet | Identified the ring "Qyusarere" {rElec rPois EV+4 Int-4}
 20169 | Gauntlet | Got the Vellum of Red-Hot Metal
 20435 | D:14     | Noticed Azrael
 20441 | D:14     | Killed Azrael
 20511 | D:14     | Found a transporter.
 20581 | D:14     | Found a transporter.
 20604 | D:14     | Noticed Yrchouma's ghost (journeyman PaTm)
 20775 | D:14     | Noticed Roxanne
 21069 | D:14     | Found a glowing golden altar of the Shining One.
 21069 | D:14     | Found a white marble altar of Elyvilon.
 21070 | D:14     | Found a glowing silver altar of Zin.
 21152 | D:15     | Entered Level 15 of the Dungeon
 21244 | D:15     | Noticed Nessos
 21250 | D:15     | Killed Nessos
 21448 | D:15     | Found a staircase to the Depths.
 22206 | Spider:1 | Entered Level 1 of the Spider Nest
 22788 | Spider:1 | Identified the +1 scale mail "Maom" {rF+} (Okawaru gifted
                  | it to you on level 1 of the Spider Nest)
 22788 | Spider:1 | Received a gift from Okawaru
 23004 | Spider:2 | Reached skill level 10 in Dodging
 23232 | Spider:2 | Reached skill level 5 in Evocations
 23569 | Spider:2 | Noticed an emperor scorpion
 23575 | Spider:2 | Reached XP level 16. HP: 140/145 MP: 17/23
 23885 | Spider:3 | Reached skill level 1 in Stealth
 24382 | Spider:4 | Entered Level 4 of the Spider Nest
 24417 | Spider:3 | Identified the +7 shortbow of Hard Scrabble {speed, Will+
                  | Str-5 Int+4} (Okawaru gifted it to you on level 3 of the
                  | Spider Nest)
 24417 | Spider:3 | Received a gift from Okawaru
 24552 | Spider:4 | Noticed Agnes
 24559 | Spider:4 | Killed Agnes
 24608 | Spider:4 | Noticed Mlioglotl
 24620 | Arena    | Entered the Arena
 24623 | Arena    | Killed Mlioglotl
 25006 | Spider:4 | Reached skill level 23 in Ranged Weapons
 25781 | Spider:4 | Got a gossamer rune of Zot
 26060 | Shoals:1 | Entered Level 1 of the Shoals
 26300 | Shoals:1 | Received a gift from Okawaru
 26301 | Shoals:1 | Reached skill level 10 in Armour
 26609 | Shoals:1 | Found Daega's Magic Scroll Shop.
 26618 | Shoals:1 | Noticed a kraken
 26628 | Shoals:1 | Killed a kraken
 26652 | Shoals:1 | Bought a scroll of teleportation for 48 gold pieces
 26652 | Shoals:1 | Bought a scroll of blinking for 120 gold pieces
 26713 | Shoals:1 | Reached skill level 15 in Fighting
 26984 | Shoals:2 | Reached XP level 17. HP: 56/156 MP: 19/25
 27453 | Shoals:2 | Found a runed translucent gate.
 27453 | Shoals:2 | Found the +7 mace of Variability {chain chaos}
 27454 | Shoals:2 | Found a runed translucent gate.
 27455 | Shoals:2 | Found a runed translucent gate.
 28153 | Shoals:3 | Received a gift from Okawaru
 28219 | Shoals:3 | Identified the +11 whip "Gerif" {venom, +Blink rCorr Int+2}
 28448 | Shoals:3 | Identified the +12 flail "Itorphas" {vorpal, Dex+4}
 28477 | Shoals:3 | Noticed Nikola
 28493 | Shoals:3 | Killed Nikola
 28610 | Shoals:3 | Noticed Kirke
 28717 | Shoals:3 | Killed Kirke
 29023 | Shoals:4 | Entered Level 4 of the Shoals
 29359 | Shoals:4 | Reached skill level 24 in Ranged Weapons
 29366 | Shoals:4 | HP: 5/159 [merfolk javelineer/silver javelin (18)]
 29366 | Shoals:4 | HP: 1/159 [merfolk javelineer/silver javelin (4)]
 29523 | Shoals:4 | Noticed Polyphemus
 29896 | Shoals:4 | HP: 3/160 [alligator snapping turtle (18)]
 29897 | Shoals:4 | Mangled by a catoblepas

Illustrated notes

Levels and vault maps discovered:
D:1:      minmay_arrival_statue_studded, layout_loops_corners,
          shapermc_ecumenical_altar_starsandcircs, serial_forest,
          infiniplex_forest_end_3, infiniplex_forest_straight_2,
          infiniplex_forest_straight_3, infiniplex_forest_pool,
          infiniplex_forest_clump_small, infiniplex_forest_pool, fountainhead
D:2:      layout_rooms, serial_shops, nicolae_shop_hallway_plus,
          dreamdust_wishing_well
D:3:      layout_loops_corners, nicolae_overflow_crystal_walls, uniq_ijyb
D:4:      layout_cave_pods, hangedman_decor_peaks_small, minmay_between
D:5:      layout_basic, mainiacjoe_overflow_big_doors,
          hangedman_decor_clover_reticule, nicolae_underground_beach
D:6:      layout_cave_pods, mainiacjoe_overflow_catwalk,
          minmay_temple_entry_tees, serial_demonic, serial_demonic_e,
          serial_demonic_f, serial_demonic_g, serial_demonic_g, uniq_menkaure
D:7:      layout_basic, lemuel_zombie_altar_kikubaaqudgha,
          roderic_serpentine_path, st_stairs_14, uniq_duvessa
D:8:      layout_cave_pods, lair_entry_dummy, uniq_maurice, uniq_amaemon
D:9:      minmay_inner_zag, layout_cave_pools, grunt_ministairs_13,
          kennysheep_flooded_box, st_stairs_4, minmay_shop_damaged
D:10:     layout_irregular_city, nzn_wu_jian_council_hall, enter_bailey_2,
          minivault_15, uniq_erolcha, uniq_gastronok, uniq_joseph
D:11:     layout_roguey, uniq_erica
D:12:     minmay_open_boxes_in_corner, layout_basic, david_orc_2,
          dreamdust_princess_corridor, uniq_psyche
D:13:     layout_stronghold, david_vaults_5, nemelex_xobeh_ov_fountains_minmay
D:14:     layout_basic, gammafunk_ghost_stat_death, good_gods_mini_temple,
          serial_rivers, chequers_serial_rivers_large_a,
          chequers_serial_rivers_small_b, chequers_serial_rivers_small_b,
          chequers_serial_rivers_micro_b, chequers_serial_rivers_large_b,
          chequers_serial_rivers_micro_a, gauntlet_entry_generic,
          minmay_misc_feat_doors, kennysheep_diamond, minmay_statue_bubble,
          uniq_azrael, uniq_roxanne
D:15:     grunt_enter_depths_hoard, layout_long_grid, uniq_nessos
Lair:1:   layout_small_grid
Lair:2:   layout_small_grid, beast_lair_carwin_3
Lair:3:   layout_loops_ring, minmay_shoals_entry_lonely_mermaid,
          nicolae_spider_entry_non_spiders
Lair:4:   layout_layer_cave, gammafunk_ghost_grave, lemuel_fruit_fields
Lair:5:   hangedman_lair_tendril_chambers, layout_loops_ring,
          guppyfry_lair_end_dragon, minmay_slime_entry_oklob_enclosed
Shoals:1: cheibrodos_shoals_roost, layout_shoals, serial_shops, shop_coins
Shoals:2: layout_shoals, nicolae_shoals_beach_cooler
Shoals:3: layout_shoals, uniq_nikola, uniq_kirke
Shoals:4: shoals_end_grunt_garden, layout_shoals,
          nicolae_shoals_lost_giant_temple, uniq_polyphemus
Spider:1: layout_spider_delve, drop_trap
Spider:2: layout_spider_delve
Spider:3: layout_spider_delve
Spider:4: spider_rune_water, hellmonk_test_site, uniq_agnes, uniq_mlioglotl
Orc:1:    layout_caves, uniq_jorgrun
Orc:2:    grunt_orc_cross, layout_caves

Skill      XL: |  1  2  3  4  5  6  7  8  9 10 11 12 13 14 15 16 17 |
---------------+----------------------------------------------------+-----
Fighting       | 3 4 5 6 8 10 11 12 13 15 16 | 16.8
Ranged Weapons | 5 6 7 8 11 14 16 17 19 22 23 24 | 24.1
Armour         | 2 6 8 10 12 | 12.0
Invocations    | 2 5 7 10 11 12 | 12.0
Dodging        | 3 6 8 10 11 12 | 12.0
Evocations     | 2 5 6 |  6.0
Stealth        | 1 |  1.0

Action                   |  1- 3 |  4- 6 |  7- 9 | 10-12 | 13-15 | 16-18 || total
-------------------------+-------+-------+-------+-------+-------+-------++-------
Melee: Longbow           |       |       |       |     1 |       |       ||     1
 Fire: Shortbow          |   123 |   188 |   281 |       |       |       ||   592
       Arbalest          |       |       |    87 |   452 |  1062 |   828 ||  2429
       Longbow           |       |       |       |   138 |       |       ||   138
Invok: Finesse           |       |       |       |     3 |    15 |    12 ||    30
       Duel              |       |       |       |       |       |     1 ||     1
Evoke: Wand              |       |       |       |       |     1 |       ||     1
  Use: Scroll            |       |       |     9 |     7 |    21 |    12 ||    49
       Potion            |       |       |     2 |     3 |     6 |     5 ||    16
Armor: Leather armour    |     7 |    14 |    13 |       |       |       ||    34
       Scale mail        |       |       |   106 |   103 |   216 |   288 ||   713
Dodge: Dodged            |    30 |    74 |   132 |   199 |   444 |   668 ||  1547
